 Dungeon Crawl Stone Soup version 0.28.0-53-g5a82cb258f (webtiles) character file.

Game seed: 10919922803363109857

58 DocClef the Poker (level 4, 0/33 HPs)
             Began as a Merfolk Gladiator on June 29, 2022.
             Slain by Grinder (2 damage)
             ... on level 3 of the Dungeon.
             The game lasted 00:01:46 (1654 turns).

DocClef the Poker (Merfolk Gladiator)               Turns: 1654, Time: 00:01:47

Health: 0/33       AC:  9    Str: 16    XL:     4   Next: 1%
Magic:  4/4        EV:  8    Int:  7    God:
Gold:   47         SH:  0    Dex: 15    Spells: 3/3 levels left

rFire   + . .      SeeInvis .   a - +0 trident
rCold   + . .      Faith    .   (no shield)
rNeg    . . .      Spirit   .   j - +0 chain mail
rPois   .          Reflect  .   c - +0 helmet
rElec   .          Harm     .   (no cloak)
rCorr   .          Rampage  .   (no gloves)
Will    .....                   (no boots)
Stlth   ..........              (no amulet)
HPRegen 0.11/turn               e - ring of protection from cold
MPRegen 0.09/turn               k - ring of protection from fire

@: no status effects
A: (nimble swimmer 2), mertail
a: no special abilities


You were on level 3 of the Dungeon.
You visited 1 branch of the dungeon, and saw 4 of its levels.

You collected 47 gold pieces.

Inventory:

Hand Weapons
 a - a +0 trident (weapon)
Missiles
 d - 3 throwing nets (quivered)
Armour
 b - a +0 leather armour
 c - a +0 helmet (worn)
 j - a +0 chain mail (worn)
Jewellery
 e - a ring of protection from cold (left hand)
 k - a ring of protection from fire (right hand)
 l - an amulet of guardian spirit
Scrolls
 g - 3 scrolls of identify {unknown}
 i - a scroll of noise {unknown}
Potions
 h - 2 potions of heal wounds {unknown}


   Skills:
 - Level 2.1 Fighting
 + Level 6.9 Polearms
 - Level 2.0 Throwing
 - Level 4.0 Dodging


You had 3 spell levels left.
You didn't know any spells.
Your spell library was empty.

Dungeon Overview and Level Annotations

Branches:
Dungeon (4/15)
 Temple: D:4-7

Altars:

Annotations:
D:3 Grinder


Innate Abilities, Weirdness & Mutations

((You are very nimble when in or above water. (Stealth+, EV+, Speed+++)))
Your lower body shifts to a powerful aquatic tail in water.


Message History

The goblin shoots a stone.
The stone hits you but does no damage.
You climb downwards.
You hear the sound of rushing water.
There is an entrance to a sewer on this level.
Hurry and find it before the portal rusts away!
The orc shouts!
The kobold shouts!
Found a scroll labelled VONIONUALL and 9 gold pieces.
There is a stone staircase leading up here.
You climb upwards.
Level annotation: Grinder
There is a stone staircase leading down here.
Grinder gestures at you.
You suddenly lose the ability to move!
Grinder blinks!
The goblin shoots a stone.
The stone hits you.
* * * LOW HITPOINT WARNING * * *
You can move again.
Unknown command.
The goblin shoots a stone.
The stone hits you but does no damage.
You see here an amulet of guardian spirit.
l - an amulet of guardian spirit The goblin shoots a stone.
The stone hits you but does no damage. Grinder gestures at you.
You suddenly lose the ability to move!
Grinder gestures at you.
You shrug off the repeated paralysis!
You can move again.
You are too injured to fight recklessly!
You hit Grinder.
Grinder is lightly wounded.
You puncture Grinder!
Grinder is moderately wounded.
Grinder says, "FISH!"
Grinder hits you.
* * * LOW HITPOINT WARNING * * *
You writhe in agony.
* * * LOW HITPOINT WARNING * * *
You feel better. Grinder hits you.
* * * LOW HITPOINT WARNING * * *
You writhe in agony.
You die...

#.##.....#####...#
#.##.............#
#.##.....#####.#.#
#........# #.#.#
####.....# #.#.#
........## #.#.#
####....# #.#g#
........# #.#5#
#.......# #.#@#
........# #.#
..#<....# #..
..#..(..# ####
..#.....#
..#.....#
..#.#+#.# ..#.# .#
..#.. #


You could see Grinder and a goblin.

Vanquished Creatures
  2 adders
  2 worms (D:2)
  2 dart slugs (D:2)
  2 orcs (D:3)
  A giant cockroach (D:2)
  3 goblins
  4 hobgoblins (D:2)
  2 jackals (D:2)
  2 ball pythons
  4 frilled lizards
  5 kobolds
  A rat (D:1)
30 creatures vanquished.

Notes
Turn   | Place    | Note
-------+----------+-------------------------------------------
     0 | D:1      | DocClef the Merfolk Gladiator began the quest for the Orb.
     0 | D:1      | Reached XP level 1. HP: 16/16 MP: 1/1
   596 | D:2      | Reached skill level 5 in Polearms
   601 | D:2      | Reached XP level 2. HP: 13/22 MP: 2/2
   868 | D:1      | Reached skill level 6 in Polearms
   868 | D:1      | Reached XP level 3. HP: 11/27 MP: 3/3
  1515 | D:3      | Reached XP level 4. HP: 25/33 MP: 4/4
  1592 | D:3      | Noticed Grinder
  1599 | D:3      | Paralysed by Grinder for 7 turns
  1610 | D:3      | HP: 1/33 [goblin/stone (2)]
  1613 | D:3      | Paralysed by Grinder for 5 turns
  1638 | D:3      | Paralysed by Grinder for 3 turns
  1646 | D:3      | Paralysed by Grinder for 6 turns
  1653 | D:3      | HP: 1/33 [Grinder (4)]
  1654 | D:3      | Slain by Grinder

Illustrated notes

Levels and vault maps discovered:
D:1:      lemuel_arrival_room, layout_loops_ring
D:2:      layout_rooms, minmay_misc_feat_doors
D:3:      layout_basic, minmay_door_square, uniq_grinder
D:4:      layout_layer_cave, mainiacjoe_overflow_alcove_1,
          minmay_temple_entry_arrows, cheibrodos_sewer_entry_bend

Skill      XL: |  1  2 |
---------------+-------+-----
Polearms       | 5 6 |  6.9
Fighting       | |  2.1
Throwing       | |  2.0
Dodging        | |  4.0

Action                   |  1- 3 |  4- 6 || total
-------------------------+-------+-------++-------
Melee: Trident           |    85 |     3 ||    88
  Use: Potion            |       |     2 ||     2
 Stab: Sleeping          |     2 |       ||     2
Armor: Leather armour    |     8 |       ||     8
       Chain mail        |     6 |    13 ||    19
Dodge: Dodged            |    31 |     3 ||    34
